Map: 사이버 포레스트 - 래더

Players

gumiho

  • Race: Terran Terran
  • Spawn Location: 5:00

Hurricane - Winner!

  • Race: Protoss Protoss
  • Spawn Location: 11:00

Event: IEM Season 13: Katowice (2019)

VOD

Have the link to the VOD?

Description

Time

  • Played on: Feb. 26, 2019, 5:04 a.m.
  • Length: 10:12

All games in this series

Show
View Real Time Build Order
Export as new Build Order

gumiho Terran 

Build Orders: Reaper Expand, Mech, Banshee Rush 

Get SALT Encoding   

  12  0:00  SCV  
  13  0:13  SCV  
  14  0:18  Supply Depot  
  14  0:25  SCV  
  15  0:40  SCV  
  15  0:41  Barracks  
  16  0:43  Refinery  
  16  0:52  SCV  
  17  1:04  SCV  
  18  1:16  SCV  
  19  1:28  Reaper, Orbital Command  
  20  1:41  Command Center  
  20  1:49  Supply Depot  
  20  1:54  SCV  
  20  2:00  Marine  
  22  2:06  SCV  
  23  2:08  Factory  
  23  2:13  Refinery  
  23  2:18  SCV, Marine  
  25  2:30  SCV  
  26  2:38  Barracks Tech Lab  
  26  2:42  SCV  
  27  2:54  SCV  
  27  2:55  Orbital Command  
  28  3:01  Cyclone  
  28  3:02  Refinery  
  28  3:04  Barracks Reactor  
  31  3:07  SCV  
  31  3:12  Starport  
  32  3:19  SCV  
  33  3:21  SCV  
  34  3:31  SCV  
  34  3:33  Widow Mine, SCV  
  38  3:37  Supply Depot  
  38  3:42  Marine, Bunker  
  38  3:43  SCV, Marine  
  38  3:45  SCV  
  42  3:53  Refinery  
  42  3:55  SCV  
  43  3:57  SCV  
  43  3:58  Raven  
  43  4:00  Marine x2, Cloaking Field  
  48  4:05  Factory Tech Lab  
  48  4:07  SCV  
  50  4:10  SCV  
  50  4:13  Supply Depot  
  50  4:17  Supply Depot  
  50  4:19  Marine x2  
  50  4:23  SCV x2  
  54  4:35  Siege Tank, SCV x2, Supply Depot  
  59  4:40  Banshee, Marine  
  63  4:47  SCV x2  
  65  4:59  SCV x2  
  66  5:00  Command Center  
  66  5:07  Supply Depot  
  66  5:08  Siege Tank  
  66  5:11  SCV x2  
  71  5:18  Marine x2  
  70  5:23  Banshee, SCV  
  70  5:24  SCV  
  70  5:36  Marine x2  
  70  5:41  Siege Tank  
  70  5:48  SCV  
  62  5:53  Marine x2  
  62  5:56  SCV  
  64  6:00  SCV  
  63  6:08  Banshee  
  63  6:10  Hyperflight Rotors, SCV  
  67  6:11  Marine x2  
  67  6:12  SCV  
  67  6:15  Siege Tank  
  73  6:24  SCV x2  
  74  6:28  Command Center  
  74  6:29  Marine x2  
  76  6:36  SCV x2, Supply Depot  
  78  6:44  Armory x2  
  78  6:48  SCV x2  
  78  6:49  Siege Tank  
  83  6:55  Banshee  
  86  7:06  SCV x2  
  85  7:15  Factory  
  85  7:18  Factory, SCV x2  
  85  7:19  Barracks Tech Lab  
  85  7:21  Engineering Bay  
  87  7:23  Supply Depot  
  87  7:27  Siege Tank  
  90  7:30  SCV x2  
  90  7:31  Supply Depot  
  92  7:41  Terran Vehicle Weapons Level 1, Terran Vehicle And Ship Armor Level 1  
  92  7:42  Orbital Command, SCV x2  
  94  7:49  Missile Turret  
  94  7:54  SCV x2  
  96  8:01  Supply Depot  
  96  8:03  Siege Tank  
  96  8:04  Banshee  
  102  8:06  SCV, Hellion  
  102  8:07  Hellion  
  102  8:08  Orbital Command  
  102  8:12  Siege Tank  
  111  8:16  Barracks Reactor  
  111  8:18  SCV x2  
  112  8:22  Supply Depot  
  112  8:25  Supply Depot  
  112  8:30  SCV x2  
  114  8:35  Siege Tank, Hellion x2  
  114  8:40  SCV  
  119  8:41  Refinery  
  119  8:42  Refinery, SCV x2  
  119  8:45  Siege Tank  
  118  8:50  Banshee  
  121  8:57  Missile Turret  
  121  8:58  Missile Turret  
  121  9:00  Bunker  
  121  9:03  SCV x3  
  121  9:06  Hellion x2  
  128  9:12  Missile Turret  
  128  9:14  Missile Turret  
  128  9:15  SCV x2  
  130  9:20  Siege Tank x2  
  130  9:22  SCV  
  137  9:29  Hellion  
  141  9:31  Supply Depot  
  139  9:41  Factory  
  139  9:43  Factory  
  140  9:45  SCV x3  
  140  9:46  Barracks Tech Lab  
Show
View Real Time Build Order
Export as new Build Order

Hurricane Protoss - Winner!

Build Orders: 1 Gate Expand, Archon Immortal 

Get SALT Encoding   

  12  0:00  Probe  
  13  0:12  Probe  
  14  0:17  Pylon  
  14  0:23  Probe  
  15  0:31  Probe  
  16  0:37  Gateway  
  16  0:39  Probe  
  16  0:47  Assimilator  
  17  0:51  Probe  
  18  1:03  Probe  
  19  1:15  Probe  
  20  1:24  Nexus  
  20  1:32  Cybernetics Core  
  20  1:36  Probe  
  21  1:42  Assimilator  
  21  1:48  Probe  
  21  1:51  Pylon  
  22  1:59  Adept  
  22  2:00  Probe  
  23  2:10  Warp Gate  
  23  2:12  Probe  
  26  2:24  Probe  
  26  2:29  Stalker  
  29  2:35  Probe x2  
  29  2:36  Robotics Facility  
  29  2:43  Probe x2  
  33  2:52  Probe  
  33  2:53  Probe  
  35  3:00  Sentry  
  35  3:05  Probe x2  
  39  3:06  Gateway  
  39  3:11  Pylon  
  39  3:17  Probe x2  
  41  3:22  Observer  
  42  3:29  Probe x2  
  42  3:31  Gateway  
  42  3:32  Immortal, Gateway  
  44  3:41  Probe x2  
  50  3:52  Pylon  
  50  3:53  Probe x2  
  52  4:00  Warp Prism  
  52  4:05  Probe, Pylon  
  52  4:06  Probe  
  54  4:11  Sentry  
  54  4:12  Adept  
  54  4:14  Observer  
  60  4:18  Assimilator  
  60  4:19  Assimilator  
  60  4:20  Pylon  
  60  4:22  Probe  
  61  4:24  Probe  
  62  4:35  Observer  
  63  4:42  Nexus  
  63  4:46  Pylon  
  62  4:59  Stalker x4  
  70  5:00  Probe x2  
  72  5:13  Twilight Council  
  72  5:16  Forge  
  70  5:25  Adept  
  70  5:26  Adept, Stalker x2  
  70  5:27  Probe  
  77  5:39  Observer  
  74  5:49  Protoss Ground Weapons Level 1  
  68  5:51  Immortal  
  68  5:53  Probe  
  68  5:56  Stalker  
  68  5:57  Stalker x3, Blink  
  67  5:58  Probe x2  
  77  6:11  Probe x2  
  77  6:12  Probe  
  79  6:25  Probe x3  
  82  6:30  Observer  
  81  6:33  Gateway  
  81  6:34  Gateway  
  81  6:39  Gateway  
  81  6:40  Sentry x3, Gateway  
  81  6:41  Pylon, Stalker  
  81  6:42  Immortal  
  81  6:46  Photon Cannon  
  89  6:51  Pylon  
  89  7:00  Pylon  
  93  7:11  Stalker x4  
  93  7:15  Photon Cannon  
  101  7:16  Probe x3  
  101  7:18  Immortal  
  104  7:28  Stalker  
  104  7:29  Stalker  
  112  7:31  Protoss Ground Armor Level 1  
  112  7:34  Photon Cannon  
  112  7:38  Charge  
  112  7:45  Probe x3  
  115  7:53  Assimilator x2  
  115  8:02  Immortal, Pylon  
  119  8:11  Zealot, Stalker x2  
  125  8:13  Pylon  
  125  8:16  Pylon x2  
  125  8:17  Pylon  
  125  8:33  Stalker x3  
  131  8:38  Shield Battery x2  
  131  8:44  Zealot x5  
  141  8:52  Templar Archives  
  141  8:59  Zealot x2  
  141  9:00  Zealot, Pylon  
  147  9:03  Probe x3  
  147  9:05  Nexus  
  147  9:06  Immortal  
  154  9:31  Forge, High Templar x3  
  156  9:32  Zealot x2, High Templar  
  156  9:34  Zealot  
  156  9:36  Zealot  
  156  9:37  Archon x2  
  146  9:59  Zealot x4  
  122  10:06  Zealot x4  

Tags
 
Add a new tag
Caveats
  • Supply blocks, unpowered buildings, or Contaminate may cause inaccurate times.
  • Supply counts are checked every 10 seconds.